 Dungeon Crawl Stone Soup version 0.27-a0-249-g74f53ef629 (webtiles) character file.

Game seed: 8806956231979948834

46 scarywalker64 the Bolt Thrower (level 3, -2/28 HPs)
             Began as a Formicid Hunter on Feb 4, 2021.
             Killed by nerve-wracking pain
             ... invoked by a shadow imp
              (14 damage)
             ... on level 1 of the Dungeon.
             The game lasted 00:02:19 (821 turns).

scarywalker64 the Bolt Thrower (Formicid Hunter)     Turns: 821, Time: 00:02:20

Health: -2/28      AC:  7    Str: 16    XL:     3   Next: 95%
Magic:  4/4        EV: 12    Int: 11    God:
Gold:   105        SH:  0    Dex: 11    Spells: 3/3 levels left

rFire    . . .     SeeInvis +   h - +0 short sword (venom)
rCold    . . .     Faith    .   (no shield)
rNeg     . . .     Spirit   .   c - +0 leather armour
rPois    .         Reflect  .   (helmet unavailable)
rElec    .         Harm     .   i - +0 cloak
rCorr    .         Rampage  .   b - +2 pair of gloves
Will     .....                  (no boots)
Stlth    +.........             (no amulet)
HPRegen  0.09/turn              (no ring)
MPRegen  0.09/turn              (no ring)

@: no status effects
A: permanent stasis, dig shafts and tunnels, four strong arms, antennae 3
a: Dig, Shaft Self


You were on level 1 of the Dungeon.
You visited 1 branch of the dungeon, and saw 2 of its levels.

You collected 105 gold pieces.

Inventory:

Hand Weapons
 a - a +2 hand crossbow
 h - a +0 short sword of venom (weapon)
Missiles
 d - 9 bolts
 e - 69 stones (quivered)
Armour
 b - a +2 pair of gloves (worn)
 c - a +0 leather armour (worn)
 i - a +0 cloak (worn)
Potions
 g - a potion of ambrosia


   Skills:
 * Level 2.4 Fighting
 + Level 0.2 Short Blades
 + Level 5.0 Crossbows
 + Level 1.8 Dodging
 - Level 1.2 Stealth
 * Level 0.6 Spellcasting


You had 3 spell levels left.
You didn't know any spells.
Your spell library was empty.

Dungeon Overview and Level Annotations

Branches:
Dungeon (2/15)

Altars:
Fedhas


Innate Abilities, Weirdness & Mutations

You cannot be hasted, slowed, berserked, paralysed or teleported.
You can dig through walls and to a lower floor.
Your four strong arms can wield two-handed weapons with a shield.
You have a pair of large antennae on your head. (SInv)


Message History

The shadow imp hits you.
You hit the shadow imp.
The shadow imp is almost dead.
The shadow imp hits you but does no damage.
You hit the shadow imp but do no damage.
The shadow imp is almost dead.
The shadow imp hits you.
You hit the shadow imp but do no damage.
The shadow imp is almost dead.
The shadow imp hits you.
You hit the shadow imp but do no damage.
The shadow imp is almost dead.
The shadow imp gestures at you. Pain shoots through your body!
You hit the shadow imp.
The shadow imp is almost dead.
The shadow imp gestures at you. Pain shoots through your body!
Ouch! That really hurt!
You die...

#......÷........
######..#(#....÷.....
#.........###........
###...#..#..........#
###.#.##.##.......#
##.......#........
#..#.###.......###
#.##..###..#..)#..
####@##.......##..#.#
####...5##.#.....##).#.#
#......###.#.........#..
#........)........#..#..
#.......##.#.........#..
#.............>..##..#..
#......#####.........#..
#......# #....##...###
#......# #.######.....


You could see a shadow imp.

Vanquished Creatures
  An ooze (D:1)
  3 dart slugs (D:1)
  A leopard gecko (D:1)
  A bat (D:2)
  7 goblins
  10 hobgoblins (D:1)
  2 jackals (D:1)
  2 kobolds (D:1)
  A frilled lizard (D:1)
  2 rats (D:1)
30 creatures vanquished.

Notes
Turn   | Place    | Note
-------+----------+-------------------------------------------
     0 | D:1      | scarywalker64 the Formicid Hunter began the quest for the
                  | Orb.
     0 | D:1      | Reached XP level 1. HP: 16/16 MP: 1/1
    30 | D:1      | Reached XP level 2. HP: 20/22 MP: 2/2
   325 | D:1      | Reached XP level 3. HP: 28/28 MP: 3/3
   763 | D:2      | Found a blossoming altar of Fedhas.
   785 | D:2      | Reached skill level 5 in Crossbows
   821 | D:1      | Killed from afar by a shadow imp

Illustrated notes

Levels and vault maps discovered:
D:1:      ebering_trefoil_twist, layout_rooms
D:2:      layout_basic, fedhas_altar_fruit_tree, lemuel_crystal_altar

Skill      XL: |  1  2  3 |
---------------+----------+-----
Crossbows      | 5 |  5.0
Fighting       | |  2.4
Short Blades   | |  0.2
Dodging        | |  1.8
Stealth        | |  1.2
Spellcasting   | |  0.6

Action                   || total
-------------------------++-------
Melee: Short sword       ||    35
 Fire: Hand crossbow     ||    62
  Use: Scroll            ||     2
       Potion            ||     1
Armor: Leather armour    ||    14
Dodge: Dodged            ||    30

Table legend: (Time is in decaauts)
 A = Elapsed time spent in this place.
 B = Non-inter-level travel time spent in this place.
 C = Inter-level travel time spent in this place.
 D = Time resting spent in this place.
 E = Time spent auto-exploring this place.
 F = Levels seen in this place.
 G = Mean time per level.
                   A        B        C        D        E       F      G
               +--------+--------+--------+--------+--------+-----+--------+
         Total |    840 |    817 |     23 |      9 |    567 |   2 |  420.0 |
       Dungeon |    840 |    817 |     23 |      9 |    567 |   2 |  420.0 |
               +--------+--------+--------+--------+--------+-----+--------+

Top non-repeatable levels by time:
     D:1: 797 daAuts
     D:2: 43 daAuts
